 Dungeon Crawl Stone Soup version 0.28.0-43-g3370ac3207 (webtiles) character file.

Game seed: 10218142704088020059

21 Jenx the Ruffian (level 2, -4/29 HPs)
             Began as a Troll Cinder Acolyte on Mar 17, 2022.
             Was a High Priest of Ignis.
             Slain by a gnoll
             ... wielding a +0 halberd
              (9 damage)
             ... on level 2 of the Dungeon.
             The game lasted 00:01:29 (841 turns).

Jenx the Ruffian (Troll Cinder Acolyte)              Turns: 841, Time: 00:01:30

Health: -4/29      AC: 11    Str: 21    XL:     2   Next: 65%
Magic:  2/2        EV:  9    Int: 10    God:    Ignis [*****.]
Gold:   58         SH:  0    Dex:  5    Spells: 3/3 levels left

rFire   + . .      SeeInvis .     - Unarmed
rCold   . . .      Faith    .   (no shield)
rNeg    . . .      Spirit   .   a - +0 robe
rPois   .          Reflect  .   (helmet restricted)
rElec   .          Harm     .   (no cloak)
rCorr   .          Rampage  .   (gloves unavailable)
Will    .....                   (boots unavailable)
Stlth   +.........              (no amulet)
HPRegen 0.89/turn               (no ring)
MPRegen 0.08/turn               (no ring)

@: fiery-armoured
A: large, unfitting armour, claws 3, regeneration 1, shaggy fur 1, tough skin 1
a: Renounce Religion, Fiery Armour, Foxfire Swarm, Rising Flame


You were on level 2 of the Dungeon.
You worshipped Ignis.
Ignis was extremely pleased with you.
You visited 1 branch of the dungeon, and saw 2 of its levels.

You collected 58 gold pieces.

Inventory:

Armour
 a - a +0 robe (worn)
Scrolls
 d - a scroll of brand weapon {unknown}
Potions
 b - 2 potions of lignification {unknown}
 c - 2 potions of curing {unknown}


   Skills:
 + Level 2.6 Fighting
 + Level 0.6 Armour
 + Level 0.6 Dodging
 * Level 3.4 Unarmed Combat
 - Level 1.0 Spellcasting
 - Level 2.1 Fire Magic


You had 3 spell levels left.
You didn't know any spells.
Your spell library contained the following spells:

 Spells                   Type           Power      Damage    Failure   Level
 Scorch                   Fire           8%         2d5       22%         2


Dungeon Overview and Level Annotations

Branches:
Dungeon (2/15)

Altars:


Innate Abilities, Weirdness & Mutations

You are too large for most types of armour.
You have claws for hands.
Your natural rate of healing is unusually fast.
You are covered in fur. (AC +1)
You have tough skin. (AC +1)


Message History

You claw the hobgoblin!
You kill the hobgoblin!
You see here 21 stones.
You see here a +0 ring mail.
Done exploring.
Done exploring.
Done exploring.
(D) Dungeon
Where to? (? - help)
You see here a +0 ring mail.
There is a stone staircase leading down here.
You climb downwards.
The gnoll shouts! x3
The endoplasm quivers.
Found a scroll labelled EWOM KISOU.
There is a stone staircase leading up here.
There are monsters nearby!
The gnoll hits you from afar with a +0 halberd.
The gnoll closely misses you.
The gnoll hits you from afar with a +0 halberd!
You see here a scroll labelled EWOM KISOU.
Found a spear.
A protective cloak of flame settles atop you.
The gnoll hits you from afar with a +0 halberd!
* * * LOW HITPOINT WARNING * * *
The gnoll barely misses you. x2; The gnoll closely misses you.
You see here a scroll labelled EWOM KISOU.
You barely miss the gnoll. The gnoll barely misses you.
The gnoll hits you but does no damage. The gnoll closely misses you.
You claw the gnoll!
The gnoll is severely wounded.
The gnoll hits you with a +0 halberd.
* * * LOW HITPOINT WARNING * * *
The gnoll is burned by your cloak of flames.
The gnoll is heavily wounded.
You closely miss the gnoll.
The gnoll is heavily wounded.
The gnoll hits you but does no damage. The gnoll barely misses you.
The gnoll hits you with a +0 halberd!
You die...

######## .
........ ..
.......#
###.J.
....g..##....
.......#J.#
##g<.# #gg###
#@## #.#
#.....#
#.....#
#.....)..
......###
.#...... .
####### ..


You could see 3 gnolls and an endoplasm.

Vanquished Creatures
  A dart slug (D:1)
  A ball python (D:1)
  5 bats (D:1)
  3 endoplasms (D:1)
  A hobgoblin (D:1)
  2 frilled lizards (D:1)
  A goblin (D:1)
  2 kobolds (D:1)
  4 rats (D:1)
20 creatures vanquished.

Notes
Turn   | Place    | Note
-------+----------+-------------------------------------------
     0 | D:1      | Jenx the Troll Cinder Acolyte began the quest for the Orb.
     0 | D:1      | Reached XP level 1. HP: 22/22 MP: 1/1
   142 | D:1      | Reached XP level 2. HP: 26/29 MP: 2/2
   841 | D:2      | Slain by a gnoll

Illustrated notes

Levels and vault maps discovered:
D:1:      saegor_arrival_miasma, layout_basic, serial_forest,
          infiniplex_forest_straight_1, infiniplex_forest_lined_corner,
          infiniplex_forest_straight_2, infiniplex_forest_zigzag_1,
          wad_floor_pattern_1, chequers_hall_statues_y,
          chequers_serial_rivers_small_b, minmay_box_of_dots
D:2:      layout_rooms

Action                   || total
-------------------------++-------
Melee: Unarmed           ||    51
       Punch             ||     2
Invok: Fiery Armour      ||     1
Armor: Robe              ||    36
Dodge: Dodged            ||    34
